 Dungeon Crawl Stone Soup version 0.22-a0-414-gacd343e (webtiles) character file.

513 Mgcat the Caller (level 7, -3/50 HPs)
             Began as a Hill Orc Summoner on May 13, 2018.
             Shot with an arrow by a centaur (17 damage)
             ... on level 5 of the Dungeon.
             The game lasted 00:12:36 (5849 turns).

Mgcat the Caller (Hill Orc Summoner)                Turns: 5849, Time: 00:12:36

Health: -3/50      AC:  4    Str: 11    XL:     7   Next: 19%
Magic:  7/12       EV: 12    Int: 17    God:
Gold:   196        SH:  0    Dex: 11    Spells: 3/13 levels left

rFire    . . .     SeeInvis .   s - +2 mace (crush)
rCold    . . .     Gourm    .   (no shield)
rNeg     . . .     Faith    .   a - +0 robe
rPois    .         Spirit   .   (no helmet)
rElec    .         Reflect  .   u - +1 cloak
rCorr    .         Harm     .   (no gloves)
MR       .....                  (no boots)
Stlth    +.........             (no amulet)
HPRegen  0.16/turn              g - ring of loudness {Stlth-}
MPRegen  0.13/turn              (no ring)

@: no status effects
A: no striking features
a: no special abilities


You were on level 5 of the Dungeon.
You were not hungry.

You visited 1 branch of the dungeon, and saw 5 of its levels.

You collected 196 gold pieces.

Inventory:

Hand Weapons
 b - a +0 club
   (You took it off a goblin on level 1 of the Dungeon)
 s - a +2 mace of crushing (weapon)
   (You took it off an orc on level 3 of the Dungeon)
Missiles
 k - 2 throwing nets {=f, !d}
Armour
 a - a +0 robe (worn)
 u - a +1 cloak (worn)
   (You found it on level 4 of the Dungeon)
Jewellery
 g - a ring of loudness (left hand) {Stlth-}
   (You found it on level 1 of the Dungeon)
Wands
 w - a wand of flame (30)
   (You found it on level 4 of the Dungeon)
Scrolls
 e - a scroll of remove curse
 f - a scroll of identify
 n - a scroll of noise {!r}
 p - 2 scrolls of teleportation
Potions
 d - a potion of mutation {unknown}
 i - 4 potions of haste
 j - a potion of invisibility {unknown}
 l - 2 potions of heal wounds {unknown}
 m - a potion of agility {unknown}
 o - a potion of might {unknown}
 q - 2 potions of lignification {unknown}
 r - 3 potions of curing {unknown}
 v - 3 potions of cancellation {unknown}
Comestibles
 c - 9 rations


   Skills:
 - Level 1.5 Dodging
 - Level 1.5 Stealth
 + Level 3.8 Spellcasting
 + Level 6.2 Summonings
 + Level 2.5 Ice Magic


You had 3 spell levels left.
You knew the following spells:

 Your Spells              Type           Power        Failure   Level  Hunger
a - Summon Small Mammal   Summ           ###.         1%          1    None
b - Call Imp              Summ           ###.....     1%          2    ##.....
c - Call Canine Familiar  Summ           ###.....     3%          3    ###....
d - Summon Ice Beast      Ice/Summ       ###.....     26%         4    ####...

Your spell library contained the following spells:

 Spells                   Type           Power        Failure   Level  Hunger
 Summon Lightning Spire   Summ/Air       ##......     41%         4    ####...
 Summon Guardian Golem    Hex/Summ       ##......     14%         3    ###....


Dungeon Overview and Level Annotations

Branches:
Dungeon (5/15)
 Temple: D:4-7

Altars:
Dithmenos
Vehumet
Wu Jian
Zin
The Shining One


Message History

You are near starving!
HP restored.
Key pressed, stopping explore.
Unknown command.
Okay, then.
You open the door.
There is an open door here.
There is a glowing golden altar of the Shining One here.
There is an open door here.
You see here 23 stones.
You are starving!
You need to eat something NOW!
You eat one of the 9 rations.
That ration really hit the spot!
An orc wizard comes into view. It is wielding a dagger.
The orc wizard shouts!
Casting: Call Imp (safe; 1% risk of failure)
Confirm with . or Enter, or press ? or * to list all spells.
Casting: Call Canine Familiar (safe; 3% risk of failure)
Confirm with . or Enter, or press ? or * to list all spells.
Casting: Summon Small Mammal (safe; 1% risk of failure)
Confirm with . or Enter, or press ? or * to list all spells.
A beastly little devil appears in a puff of flame.
Your hound barely misses the orc wizard.
The orc wizard casts a spell.
The orc wizard seems to speed up.
Your hound bites the orc wizard.
The orc wizard hits your hound with a dagger.
Your hound bites the orc wizard.
The orc wizard barely misses your hound.
Your hound bites the orc wizard but does no damage.
The orc wizard hits your hound but does no damage.
Your crimson imp blinks!
Your hound closely misses the orc wizard.
The orc wizard barely misses your hound.
Your hound misses the orc wizard.
The orc wizard hits your hound with a dagger.
Your hound bites the orc wizard.
The orc wizard hits your hound with a dagger.
Your hound misses the orc wizard.
The orc wizard mumbles some strange words.
The orc wizard blinks!
You swap places.
Your crimson imp blinks!
The orc wizard casts a spell at your hound.
The magic dart hits your hound.
The orc wizard closely misses your hound.
Your hound bites the orc wizard but does no damage.
The orc wizard casts a spell at your hound.
The magic dart hits your hound.
Your hound dies!
Your hound's corpse disappears in a puff of smoke!
Your quokka bites the orc wizard but does no damage.
The orc wizard hits your quokka with a dagger.
The orc wizard hits your quokka but does no damage.
Your quokka bites the orc wizard.
The orc wizard barely misses your quokka.
Your quokka barely misses the orc wizard.
The orc wizard misses your quokka.
You barely miss the orc wizard.
The orc wizard is almost dead.
Your quokka closely misses the orc wizard.
The orc wizard hits you with a dagger.
Your quokka bites the orc wizard but does no damage.
The orc wizard closely misses you.
You hit the orc wizard.
You kill the orc wizard!
Things that are here:
a dagger; a robe Your crimson imp blinks!
Your quokka disappears in a puff of smoke!
You now have 196 gold pieces (gained 5).
You swap places.
q - 2 amethyst potions (gained 1)
c - 9 rations (gained 1)
Your crimson imp blinks!
Found a radiant altar of Vehumet.
A centaur comes into view.
The centaur shouts!
The centaur wields a shortbow.
The centaur shoots an arrow.
The arrow barely misses you.
You see here an arrow.
Casting: Call Imp (safe; 1% risk of failure)
Confirm with . or Enter, or press ? or * to list all spells.
The centaur shoots an arrow.
The arrow hits you!
The centaur shoots an arrow.
The arrow hits you!
The centaur shoots an arrow.
The arrow hits you.
Casting: Summon Small Mammal (safe; 1% risk of failure)
Confirm with . or Enter, or press ? or * to list all spells.
The centaur shoots an arrow.
The arrow hits you!
* * * LOW HITPOINT WARNING * * *
The centaur shoots an arrow.
The arrow hits your quokka.
Your quokka dies!
Your quokka's corpse disappears in a puff of smoke!
The centaur shoots an arrow.
The arrow hits your bat!!
Your bat dies!
Your bat's corpse disappears in a puff of smoke!
Casting: Summon Small Mammal (safe; 1% risk of failure)
Confirm with . or Enter, or press ? or * to list all spells.
The centaur shoots an arrow.
The arrow hits you!
You die...

#...#..#. ##.## #.......
.c ...# . #...#..# #..
._.. .. ##...#..#.#c..
... .#
#.......#.#..###.## ..#
#........#...#...#...##
##...#.##.#...ยง.........
#...............@..####
##...#..#.###..5..h.....
.....#..#.###..#########
.##..#.........#######
..#..#.##.###.........
..#..#.##.###..#######
<........5............
......................
............#.........


You could see a centaur, a friendly hound and a friendly crimson imp.

Vanquished Creatures
  Menkaure (D:5)
  A phantom (D:4)
  An orc priest (D:3)
  3 orc wizards
  3 adders
  A worm (D:3)
  A dart slug (D:1)
  An orc (D:3)
  A giant cockroach (D:2)
  3 goblins
  2 hobgoblins (D:1)
  A jackal (D:3)
  3 bats
  2 frilled lizards (D:2)
  2 rats
26 creatures vanquished.

Vanquished Creatures (collateral kills)
  An ogre (D:4)
  A crimson imp (D:3)
  A hound (D:2)
  3 orc priests (D:3)
  An orc wizard (D:5)
  6 adders
  2 worms
  4 leopard geckos
  14 orcs
  A ball python (D:2)
  A giant cockroach (D:1)
  5 goblins
  A hobgoblin (D:1)
  A jackal (D:3)
  9 bats
  3 frilled lizards
  6 kobolds
  3 rats
63 creatures vanquished.

Grand Total: 89 creatures vanquished

Notes
Turn   | Place    | Note
-------+----------+-------------------------------------------
     0 | D:1      | Mgcat the Hill Orc Summoner began the quest for the Orb.
     0 | D:1      | Reached XP level 1. HP: 14/14 MP: 3/3
   527 | D:1      | Reached XP level 2. HP: 9/20 MP: 4/4
   531 | D:1      | Learned a level 2 spell: Call Imp
   903 | D:1      | Reached skill level 2 in Spellcasting
  1443 | D:2      | Reached XP level 3. HP: 20/26 MP: 3/6
  1451 | D:2      | Learned a level 3 spell: Call Canine Familiar
  1873 | D:2      | Found an ornate altar of the Wu Jian Council.
  2000 | D:2      | HP: 3/26 [hound (4)]
  2001 | D:2      | Reached XP level 4. HP: 5/33 MP: 5/7
  2520 | D:3      | Reached skill level 5 in Summonings
  2539 | D:3      | HP: 3/33 [orc priest/divine providence (13)]
  2541 | D:3      | HP: 1/33 [orc priest/club (3)]
  2543 | D:3      | Reached XP level 5. HP: 1/38 MP: 2/9
  2895 | D:3      | Reached skill level 3 in Spellcasting
  2943 | D:3      | Learned a level 4 spell: Summon Ice Beast
  3161 | D:3      | HP: 5/38 [orc priest/divine providence (10)]
  3167 | D:3      | HP: 5/38 [leopard gecko (1)]
  3176 | D:3      | HP: 5/38 [leopard gecko (1)]
  3188 | D:2      | HP: 3/38 [leopard gecko (3)]
  3191 | D:2      | HP: 1/38 [leopard gecko (2)]
  3812 | D:3      | Reached skill level 1 in Ice Magic
  4164 | D:4      | Noticed a phantom
  4183 | D:4      | Killed a phantom
  4183 | D:4      | Reached XP level 6. HP: 44/45 MP: 1/11
  4784 | D:4      | Reached skill level 2 in Ice Magic
  5171 | D:4      | Found a glowing silver altar of Zin.
  5393 | D:5      | Entered Level 5 of the Dungeon
  5400 | D:5      | Found a shadowy altar of Dithmenos.
  5499 | D:5      | Found a glowing golden altar of the Shining One.
  5519 | D:5      | Noticed Menkaure
  5525 | D:5      | HP: 8/45 [??? (6)]
  5526 | D:5      | Killed Menkaure
  5526 | D:5      | Reached skill level 6 in Summonings
  5526 | D:5      | Reached XP level 7. HP: 9/50 MP: 9/12
  5842 | D:5      | Found a radiant altar of Vehumet.
  5849 | D:5      | Shot with an arrow by a centaur

Vault maps used:
D:1:      lemuel_arrival_cross, serial_curves, eino_curves_03, eino_curves_02
D:2:      lemuel_round_altar, hangedman_feature_mirror, serial_bayou_pond_d,
          minmay_tromino_i2
D:4:      lemuel_coloured_pillars_altar, first_ration, grunt_ministairs_10,
          corexii_shack
D:5:      lemuel_round_altar, vehumet_crystals, nicolae_overflow_hidden_temple,
          tso_metal_star, lemuel_doored_altar, serial_park_tiny_2,
          lemuel_flamethrower_1, uniq_menkaure

Skill      XL: |  1  2  3  4  5  6 |
---------------+-------------------+-----
Spellcasting   | 2 3 |  3.8
Summonings     | 5 6 |  6.2
Ice Magic      | 1 2 |  2.5
Dodging        | |  1.5
Stealth        | |  1.5

Action                   |  1- 3 |  4- 6 |  7- 9 || total
-------------------------+-------+-------+-------++-------
Melee: Club              |   105 |     9 |       ||   114
       Unarmed           |    12 |       |       ||    12
       Mace              |       |    58 |     2 ||    60
 Cast: Summon Small Mamm |    59 |    68 |     3 ||   130
       Call Imp          |     4 |    14 |     1 ||    19
       Call Canine Famil |     2 |    19 |     2 ||    23
  Use: Scroll            |       |     5 |       ||     5
 Stab: Distracted        |       |     1 |       ||     1
  Eat: Chunk             |     5 |     9 |       ||    14
       Ration            |       |     1 |     1 ||     2
Armor: Robe              |    54 |    18 |       ||    72
Dodge: Dodged            |   153 |    75 |     2 ||   230

Table legend:
 A = Spawn XP
 B = Non-spawn XP
 C = Spawn XP percentage of total XP
 D = Spawn monster count
 E = Non-spawn monster count
 F = Spawn count percentage of total count
 G = Total turns spent on level
                    A         B        C        D         E        F      G
               +---------+---------+-------+---------+---------+-------+---------
         Total |       0 |     733 |   0.0 |       0 |      89 |   0.0 |  5849
               +---------+---------+-------+---------+---------+-------+---------
           D:1 |       0 |      22 |   0.0 |       0 |      16 |   0.0 |  1337
           D:2 |       0 |      84 |   0.0 |       0 |      23 |   0.0 |  1772
           D:3 |       0 |     211 |   0.0 |       0 |      32 |   0.0 |  1067
           D:4 |       0 |     220 |   0.0 |       0 |      13 |   0.0 |  1217
           D:5 |       0 |     196 |   0.0 |       0 |       5 |   0.0 |   456
               +---------+---------+-------+---------+---------+-------+---------

Vault maps used:
D:1:      lemuel_arrival_cross, serial_curves, eino_curves_03, eino_curves_02
D:2:      lemuel_round_altar, hangedman_feature_mirror, serial_bayou_pond_d,
          minmay_tromino_i2
D:4:      lemuel_coloured_pillars_altar, first_ration, grunt_ministairs_10,
          corexii_shack
D:5:      lemuel_round_altar, vehumet_crystals, nicolae_overflow_hidden_temple,
          tso_metal_star, lemuel_doored_altar, serial_park_tiny_2,
          lemuel_flamethrower_1, uniq_menkaure

Table legend:
 A = Turns spent in this place as a percentage of turns spent in the entire game.
 B = Non-inter-level travel turns spent in this place as a percentage of non-inter-level travel turns spent in the entire game.
 C = Inter-level travel turns spent in this place as a percentage of turns spent in this place.
 D = Turns resting spent in this place as a percentage of non-inter-level travel turns spent in this place.
 E = Turns spent auto-exploring this place as a percentage of non-inter-level travel turns spent in this place.
 F = Non-inter-level travel turns spent in this place divided by the number of levels of this place that you've seen.
                   A       B       C       D       E      F
               +-------+-------+-------+-------+-------+----------------------
         Total | 100.0 | 100.0 |   2.9 |   3.1 |  77.7 | 1135.8
       Dungeon | 100.0 | 100.0 |   2.9 |   3.1 |  77.7 | 1135.8
               +-------+-------+-------+-------+-------+----------------------

Table legend:
 A = Kills in this place as a percentage of kills in entire the game.
 B = Kills by you in this place as a percentage of kills by you in the entire game.
 C = Kills by friends in this place as a percentage of kills by friends in the entire game.
 D = Other kills in this place as a percentage of other kills in the entire game.
 E = Experience gained in this place as a percentage of experience gained in the entire game.
 F = Experience gained in this place divided by the number of levels of this place that you have seen.
                   A       B       C       D       E      F
               +-------+-------+-------+-------+-------+----------------------
         Total | 100.0 | 100.0 | 100.0 |   N/A | 100.0 | 146.6
       Dungeon | 100.0 | 100.0 | 100.0 |   N/A | 100.0 | 146.6
               +-------+-------+-------+-------+-------+----------------------
